 Dungeon Crawl Stone Soup version 0.31.0-11-ge490571c62 (webtiles) character file.

Game seed: 12493421877485384516

551 Arcadio the Gusty (level 7, -2/50 HPs)
             Began as a Black Draconian Air Elementalist on Jan 29, 2024.
             Slain by Duvessa
             ... wielding a +0 short sword
              (5 damage)
             ... on level 4 of the Dungeon.
             The game lasted 00:07:36 (3467 turns).

Arcadio the Gusty (DrAE)                            Turns: 3467, Time: 00:07:37

Health: -2/50      AC:  9    Str: 10    XL:     7   Next: 7%
Magic:  1/13       EV: 13    Int: 17    God:
Gold:   68         SH:  0    Dex: 12    Spells: 4/14 levels left

rFire   + . .        x - +2 short sword (flame)
rCold   . . .        (no shield)
rNeg    . . .        (body armour unavailable)
rPois   .            (helmet restricted)
rElec   +            t - +0 cloak
rCorr   .            s - +0 pair of gloves
SInv    .            p - +0 pair of boots
Will    .....        c - amulet of the acrobat
Stlth   +            g - ring of flight
HPRegen 0.28/turn    y - ring of protection from fire
MPRegen 0.13/turn

%: acrobat
@: lit by a corona, sluggish, flying, glowing, very slow
A: breathe lightning, AC +6, unfitting armour, electricity resistance,
cold-blooded
a: Breathe Lightning


You were on level 4 of the Dungeon.
You visited 1 branch of the dungeon, and saw 4 of its levels.

You collected 164 gold pieces.
You spent 96 gold pieces at shops.

Inventory:

Hand Weapons
 e - a +0 dagger
 x - a +2 short sword of flaming (weapon)
Armour
 p - a +0 pair of boots (worn)
 s - a +0 pair of gloves (worn)
 t - a +0 cloak (worn)
Jewellery
 c - an amulet of the acrobat (around neck)
 g - a ring of flight (left hand)
 y - a ring of protection from fire (right hand)
Wands
 m - a wand of iceblast (8)
 n - a wand of polymorph (14)
 w - a wand of digging (7)
Scrolls
 d - 2 scrolls of immolation
 f - 5 scrolls of teleportation
 h - a scroll of enchant armour {unknown}
 i - a scroll of noise {unknown}
 k - a scroll of enchant weapon {unknown}
 l - a scroll of fear {unknown}
 q - a scroll of torment {unknown}
 r - a scroll of identify
 v - a scroll of vulnerability {unknown}
Potions
 a - a potion of magic
 b - a potion of might
 j - a potion of lignification {unknown}
 o - a potion of enlightenment {unknown}
 u - a potion of resistance {unknown}


   Skills:
 + Level 4.3 Dodging
 - Level 1.7 Stealth
 + Level 4.3 Spellcasting
 - Level 1.0 Conjurations
 + Level 6.3 Air Magic


You had 4 spell levels left.
You knew the following spells:

 Your Spells              Type           Power      Damage    Failure   Level
a - Shock                 Conj/Air       64%        1d7       3%          1
b - Static Discharge      Conj/Air       32%        3-5/arc   4%          2
c - Swiftness             Air            25%        N/A       3%          3
d - Airstrike             Air            12%        2d(2-18)  11%         4

Your spell library contained the following spells:

 Spells                   Type           Power      Damage    Failure   Level


Dungeon Overview and Level Annotations

Branches:
Dungeon (4/15)
 Temple: D:4-7

Altars:

Shops:
D:3 ?

Annotations:
D:4 Dowan, Duvessa


Innate Abilities, Weirdness & Mutations

You can breathe wild blasts of lightning.
Your glossy black scales are hard. (AC +6)
You cannot fit into any form of body armour.
You are resistant to electric shocks. (rElec)
You are cold-blooded and may be slowed by cold attacks.


Message History

You are struck by an arc of lightning.
Duvessa is struck by an arc of lightning.
You feel sluggish. Duvessa hits you with a +0 short sword.
You hit Duvessa but do no damage.
You tail-slap Duvessa, but do no damage.
Duvessa is severely wounded.
Duvessa hits you but does no damage.
You hit Duvessa but do no damage.
Duvessa is severely wounded.
Duvessa zaps a wand.
The puff of flame hits you. You resist.
You hit Duvessa. You burn Duvessa.
You tail-slap Duvessa, but do no damage.
Duvessa is almost dead.
Dowan gestures at you while chanting. The puff of flame misses you.
Duvessa misses you.
You hit Duvessa. You burn Duvessa.
Your tail-slap misses Duvessa.
Duvessa is almost dead.
Dowan hits you but does no damage.
Duvessa zaps a wand.
The puff of flame hits you. You resist.
You hit Duvessa but do no damage.
Duvessa is almost dead.
Duvessa hits you with a +0 short sword.
* * * LOW HITPOINT WARNING * * *
Dowan completely misses you.
You hit Duvessa but do no damage.
Duvessa is almost dead.
Dowan hits you but does no damage.
Duvessa zaps a wand.
The puff of flame hits you. You resist.
* * * LOW HITPOINT WARNING * * *
You closely miss Duvessa.
Duvessa is almost dead.
Dowan closely misses you.
Duvessa zaps a wand.
The puff of flame hits you. You resist.
* * * LOW HITPOINT WARNING * * *
You hit Duvessa but do no damage.
Duvessa is almost dead.
Dowan casts a spell at you.
You are outlined in light.
Duvessa hits you with a +0 short sword.
You die...

# ##
###..#.##############
.......ee#..........#
.......#@..........[#
......e##..........##
....e.# ###...######
...... ##...#########
...... ###..)#......
......## ##....#
.........#####...###
...........##
#.........##


You could see Duvessa and Dowan.

Vanquished Creatures
  Sigmund (D:3)
  3 bombardier beetles (D:3)
  2 orc priests
  Crazy Yiuf (D:3)
  An orc wizard (D:4)
  Natasha (twice) (D:4)
  Terence (D:2)
  4 adders
  4 dart slugs
  A ribbon worm (D:2)
  7 orcs
  4 bats
  2 endoplasms
  4 giant cockroaches
  2 goblins
  5 hobgoblins
  3 kobolds
  6 quokkas
  5 ball pythons
  2 frilled lizards (D:1)
  5 rats
65 creatures vanquished.

Notes
Turn   | Place    | Note
-------+----------+-------------------------------------------
     0 | D:1      | Arcadio the Draconian Air Elementalist began the quest for
                  | the Orb.
     0 | D:1      | Reached XP level 1. HP: 14/14 MP: 3/3
   153 | D:1      | Reached XP level 2. HP: 19/20 MP: 0/5
   253 | D:1      | Found a faded altar of an unknown god.
   297 | D:1      | Learned a level 2 spell: Static Discharge
   692 | D:1      | Reached XP level 3. HP: 22/26 MP: 1/6
  1759 | D:2      | Reached XP level 4. HP: 30/33 MP: 1/8
  1855 | D:2      | Noticed Terence
  1867 | D:2      | Killed Terence
  2126 | D:3      | Reached skill level 4 in Air Magic
  2278 | D:3      | Found Biennoerch's Magic Scroll Shop.
  2287 | D:3      | Bought a scroll of identify for 24 gold pieces
  2287 | D:3      | Bought 2 scrolls of teleportation for 72 gold pieces
  2305 | D:3      | Reached XP level 5. HP: 33/38 MP: 9/9
  2785 | D:3      | Found a runed translucent door.
  2786 | D:3      | Noticed Crazy Yiuf
  2849 | D:3      | Noticed Sigmund
  2961 | D:3      | Killed Crazy Yiuf
  2962 | D:3      | Reached XP level 6. HP: 33/45 MP: 5/11
  3047 | D:3      | Killed Sigmund
  3048 | D:3      | Reached skill level 5 in Air Magic
  3116 | D:4      | Noticed Natasha
  3182 | D:4      | Killed Natasha
  3249 | D:4      | Learned a level 3 spell: Swiftness
  3254 | D:4      | Learned a level 4 spell: Airstrike
  3293 | D:4      | Noticed Natasha
  3305 | D:4      | Your scales start taking on a glossy black colour.
  3305 | D:4      | Reached skill level 6 in Air Magic
  3305 | D:4      | Reached XP level 7. HP: 45/50 MP: 2/13
  3305 | D:4      | Gained mutation: You are resistant to electric shocks.
                  | (rElec) [Black Draconian growth]
  3306 | D:4      | Killed Natasha
  3436 | D:4      | Noticed Duvessa
  3437 | D:4      | Noticed Dowan
  3467 | D:4      | Slain by Duvessa

Illustrated notes

Levels and vault maps discovered:
D:1:      psy_arrival_fountain, layout_basic,
          hellmonk_ecumenical_altar_arch_garden
D:2:      layout_basic, minmay_tripent, uniq_terence
D:3:      layout_loops_cross, serial_shops, shop, solitary_fountain,
          grunt_ministairs_2, uniq_sigmund, uniq_crazy_yiuf_cottage
D:4:      layout_cave_pods, uniq_natasha, uniq_duvessa

Skill      XL: |  1  2  3  4  5  6 |
---------------+-------------------+-----
Dodging        | 2 3 4 |  4.3
Spellcasting   | 3 4 |  4.3
Air Magic      | 4 6 |  6.3
Stealth        | |  1.7
Conjurations   | |  1.0

Action                     |  1- 3 |  4- 6 |  7- 9 || total
---------------------------+-------+-------+-------++-------
  Melee: Unarmed           |    38 |       |       ||    38
         Tailslap          |    12 |    11 |     4 ||    27
         Punch             |     1 |       |       ||     1
         Dagger            |    53 |    58 |     1 ||   112
         Short sword       |       |       |    21 ||    21
   Cast: Shock             |    52 |    24 |       ||    76
         Static Discharge  |     6 |    22 |     7 ||    35
         Swiftness         |       |       |     1 ||     1
    Use: Scroll            |     2 |     1 |       ||     3
   Stab: Sleeping          |     3 |     2 |       ||     5
 Armour: Skin              |    59 |    64 |    32 ||   155
  Dodge: Dodged            |    79 |    59 |    12 ||   150
